 Dungeon Crawl Stone Soup version 0.28-a0-1629-gf728b707aa (webtiles) character file.

Game seed: 543489456346367663

3730 gimp the Cruncher (level 10, -8/69 HPs)
             Began as a Djinni Wanderer on Jan 25, 2022.
             Was an Initiate of Gozag.
             Killed from afar by an electric eel (13 damage)
             ... with a bolt of electricity
             ... in a bailey.
             The game lasted 00:20:18 (12956 turns).

gimp the Cruncher (Djinni Wanderer)                Turns: 12956, Time: 00:20:18

Health: -8/69      AC: 11    Str: 12    XL:     10   Next: 36%
Gold:   725        EV: 17    Int: 18    God:    Gozag SH:  0 Dex: 17

rFire   + + .      SeeInvis .   a - +3 quarterstaff
rCold   + . .      Faith    .   (shield currently unavailable)
rNeg    . . .      Spirit   .   f - +0 swamp dragon scales
rPois   ∞          Reflect  .   (no helmet)
rElec   .          Harm     .   l - +1 cloak of Weightlessness {rC+ Str+5}
rCorr   .          Rampage  .   z - +1 pair of gloves
Will    +....                   (boots unavailable)
Stlth   +.........              t - amulet of the acrobat
HPRegen 0.21/turn               w - +4 ring of evasion
MPRegen 0.00/turn               C - ring of protection from cold

@: gold aura, flying
A: sickness immunity, fire resistance 2, cold vulnerability 1, float, innate
caster, hp casting, extra vitality 1
a: Renounce Religion, Potion Petition, Call Merchant, Bribe Branch


You were in a bailey.
You worshipped Gozag.
Gozag was pleased with you.
You visited 2 branches of the dungeon, and saw 9 of its levels.
You also visited: Bailey.

You collected 782 gold pieces.
You paid 57 gold pieces to Gozag.

Inventory:

Hand Weapons
 a - a +3 quarterstaff (weapon)
Missiles
 c - 11 boomerangs
 j - 6 poisoned darts (quivered)
Armour
 e - a +0 robe
 f - +0 swamp dragon scales (worn)
 l - the +1 cloak of Weightlessness (worn) {rC+ Str+5}
   (You acquired it in a bailey)

   Str:       It affects your strength (+5).
   rC:        It protects you from cold.
 u - a +0 leather armour
 z - a +1 pair of gloves (worn)
Magical Staves
 b - a staff of earth
Jewellery
 t - an amulet of the acrobat (around neck)
 w - a +4 ring of evasion (left hand)
 C - a ring of protection from cold (right hand)
Wands
 x - a wand of iceblast (8)
 D - a wand of mindburst (2)
Scrolls
 h - 6 scrolls of teleportation
 i - 2 scrolls of fear
 B - a scroll of enchant armour
Potions
 d - a potion of haste {unknown}
 g - a potion of heal wounds
 k - 3 potions of curing
 n - 2 potions of magic {unknown}
 o - 2 potions of mutation
 p - a potion of cancellation {unknown}
 r - 6 potions of flight {unknown}
 s - a potion of degeneration {unknown}
 v - 2 potions of resistance {unknown}
 A - a potion of brilliance {unknown}


   Skills:
 + Level 4.6 Fighting
 - Level 1.0 Long Blades
 * Level 10.0 Staves
 - Level 1.0 Throwing
 - Level 6.0 Dodging
 + Level 5.3 Spellcasting
 - Level 1.0 Evocations


You had 11 spell levels left.
You knew the following spells:

 Your Spells              Type           Power      Damage    Failure   Level
a - Pain                  Necr           92%        1d8       3%          1
b - Wereblood             Tmut           23%        N/A       4%          2
c - Ensorcelled Hibernat  Hex/Ice        46%        N/A       4%          2
d - Confusing Touch       Hex            23%        N/A       10%         3
Your spell library was empty.

Dungeon Overview and Level Annotations

Branches:
Dungeon (8/15)             Temple (1/1) D:5          Bailey (1/1)
   Lair: D:8-11

Altars:
Ashenzari
Dithmenos
Elyvilon
Fedhas
Gozag
Kikubaaqudgha
Makhleb
Nemelex Xobeh
Okawaru
Qazlal
Ru
Sif Muna
Trog
Uskayaw
Vehumet
Wu Jian
Xom
Yredelemnul
Zin
The Shining One

Annotations:
D:4 exclusion: 5 doors
D:7 1 runed translucent door, Pin's ghost, novice HOFi Bailey 1 exclusion


Innate Abilities, Weirdness & Mutations

You are immune to sickness and miasma.
You are immune to poison.
Your flesh is very heat resistant. (rF++)
You are vulnerable to cold. (rC-)
You float through the air rather than walking.
You learn spells naturally, not from books.
Your magical power is your life essence.
You have superior vitality. (+4 MHP)


Message History

Press: ? - help, Shift-Dir - straight line, f/p - electric eel
Aim: an electric eel (severely wounded, chance to affect: 87%)
The electric eel writhes in agony.
You kill the electric eel!
You hear a splash.
The electric eel shoots out a bolt of lightning at you!
The bolt of electricity hits you! The bolt of electricity misses you.
You take 8 damage, and have 48/69 hp.
Casting: Pain (safe; 3% risk of failure)
Confirm with . or Enter, or press ? or * to list all spells.
Aiming: Pain (safe; 3% risk of failure)
Press: ? - help, Shift-Dir - straight line, f - electric eel
Aim: an electric eel (water, chance to affect: 87%)
The electric eel writhes in agony.
The electric eel shoots out a bolt of lightning at you!
The bolt of electricity hits you! x2
You take 22 damage, and have 26/69 hp.
MASSIVE DAMAGE!!
Casting: Pain (safe; 3% risk of failure)
Confirm with . or Enter, or press ? or * to list all spells.
Aiming: Pain (safe; 3% risk of failure)
Press: ? - help, Shift-Dir - straight line, f/p - electric eel
Aim: an electric eel (water, moderately wounded, chance to affect: 87%)
The electric eel writhes in agony!
The electric eel shoots out a bolt of lightning at you!
The bolt of electricity hits you. The bolt of electricity hits you!
* * * LOW HITPOINT WARNING * * *
You take 11 damage, and have 15/69 hp.
Casting: Pain (safe; 3% risk of failure)
Confirm with . or Enter, or press ? or * to list all spells.
Aiming: Pain (safe; 3% risk of failure)
Press: ? - help, Shift-Dir - straight line, f/p - electric eel
Aim: an electric eel (water, severely wounded, chance to affect: 87%)
The electric eel writhes in agony.
* * * LOW HITPOINT WARNING * * *
The electric eel shoots out a bolt of lightning at you!
The bolt of electricity hits you!
* * * LOW HITPOINT WARNING * * *
The bolt of electricity hits you!
You die...
Your body crumbles into a pile of gold.

#≈≈≈≈≈≈≈≈≈≈≈S≈≈≈≈≈≈≈≈≈≈≈
#≈≈≈≈≈≈≈≈≈≈≈≈≈≈S≈≈≈≈≈≈≈≈
#≈≈≈≈≈≈≈≈≈≈≈≈≈≈≈≈≈≈≈≈≈≈≈
#≈≈≈≈S######≈≈≈≈≈≈≈≈≈≈≈≈
#≈≈≈≈≈#[#..'...........
#≈≈≈≈S#'#..###########
#≈≈≈≈≈#....'.....#
#≈≈≈≈≈#..))#.....
#≈≈≈≈≈#@#########
#≈≈≈≈S$.#:.'.#
#≈≈≈≈≈).#!.#
#≈≈≈≈≈≈.#..#
#≈≈≈≈≈≈.#######
#≈≈≈≈≈≈.#..8.8.
#≈≈≈≈≈)∩.......
#≈≈≈≈≈≈)#$.8.8.
#≈≈≈≈≈≈)#######


You could see an electric eel.

Vanquished Creatures
  An orc high priest (Bailey)
  A centaur zombie (D:6)
  A water moccasin (D:7)
  8 orc warriors (Bailey)
  A necrophage (D:5)
  3 phantoms
  2 bullfrogs (D:6)
  2 scorpions
  A water moccasin skeleton (D:4)
  2 wyvern skeletons
  12 wights
  A howler monkey (D:4)
  3 electric eels (Bailey)
  4 hounds
  An orc priest (D:7)
  2 jellies
  A bullfrog skeleton (D:6)
  An iguana (D:5)
  A scorpion zombie (D:3)
  4 orc wizards
  A hound skeleton (D:3)
  A howler monkey zombie (D:3)
  2 gnolls (Bailey)
  7 adders
  2 shadow imps (D:6)
  3 white imps
  4 adder skeletons
  2 worms
  4 dart slugs
  11 orcs
  3 ball pythons
  4 bats
  5 endoplasms
  3 giant cockroaches
  11 goblins
  5 hobgoblins
  3 jackals (D:2)
  2 kobolds
  4 quokkas
  A ball python zombie (D:3)
  2 frilled lizards (D:1)
  10 rats
142 creatures vanquished.

Notes
Turn   | Place    | Note
-------+----------+-------------------------------------------
     0 | D:1      | gimp the Djinni Wanderer began the quest for the Orb.
     0 | D:1      | Reached XP level 1. HP: 18/18 MP: 0/0
    94 | D:1      | Reached XP level 2. HP: 19/24 MP: 0/0
   595 | D:1      | Reached XP level 3. HP: 29/29 MP: 0/0
   595 | D:1      | Learned a level 1 spell: Pain
  1157 | D:2      | Reached skill level 3 in Staves
  1444 | D:2      | Reached XP level 4. HP: 35/35 MP: 0/0
  2123 | D:3      | Found a glowing golden altar of the Shining One.
  2125 | D:3      | Noticed an angel
  2134 | D:3      | Found a basalt altar of Yredelemnul.
  2136 | D:3      | Noticed a profane servitor
  2272 | D:3      | Reached XP level 5. HP: 27/40 MP: 0/0
  2272 | D:3      | Learned a level 2 spell: Wereblood
  2897 | D:3      | Reached skill level 4 in Staves
  3102 | D:4      | Noticed a black bear
  3168 | D:3      | Reached XP level 6. HP: 34/46 MP: 0/0
  3884 | D:3      | Reached skill level 1 in Spellcasting
  4884 | D:4      | Reached XP level 7. HP: 31/50 MP: 0/0
  4884 | D:4      | Learned a level 2 spell: Ensorcelled Hibernation
  5046 | D:5      | Entered Level 5 of the Dungeon
  5066 | D:4      | Reached skill level 5 in Staves
  5473 | D:5      | Reached skill level 5 in Dodging
  5710 | D:5      | Found a staircase to the Ecumenical Temple.
  5720 | Temple   | Entered the Ecumenical Temple
  5903 | Temple   | Became a worshipper of Gozag Ym Sagoz the Greedy
  6395 | D:5      | Reached XP level 8. HP: 37/56 MP: 0/0
  6808 | D:6      | Reached skill level 6 in Staves
  6944 | D:6      | Found a blossoming altar of Fedhas.
  8563 | D:6      | Reached skill level 7 in Staves
  9217 | D:7      | Reached XP level 9. HP: 35/60 MP: 0/0
  9217 | D:7      | Learned a level 3 spell: Confusing Touch
  9985 | D:5      | Reached skill level 8 in Staves
 10194 | D:7      | Noticed a two-headed ogre
 10460 | D:7      | Found a runed translucent door.
 10461 | D:7      | Noticed Pin's ghost (novice HOFi)
 10677 | D:7      | Found a shimmering altar of Xom.
 10967 | D:8      | Noticed a purple ugly thing
 10977 | D:8      | Noticed a manticore
 10983 | D:8      | Found a flagged portal.
 10993 | Bailey   | Entered a bailey
 11303 | Bailey   | Noticed an orc high priest
 11317 | Bailey   | Noticed a sixfirhy
 11332 | Bailey   | Noticed a rust devil
 11333 | Bailey   | Killed an orc high priest
 11334 | Bailey   | Reached skill level 9 in Staves
 11334 | Bailey   | Reached XP level 10. HP: 39/67 MP: 0/0
 11646 | Bailey   | Reached skill level 5 in Spellcasting
 12676 | Bailey   | Reached skill level 10 in Staves
 12895 | Bailey   | Acquired the +1 cloak of Weightlessness {rC+ Str+5}
 12956 | Bailey   | Killed from afar by an electric eel

Illustrated notes

Levels and vault maps discovered:
D:1:      amcnicky_arrival_single_pillar, layout_loops_cross
D:2:      layout_basic
D:3:      layout_loops_ring, grunt_temple_overflow_holy_war, serial_undead,
          serial_undead_d, serial_undead_a, serial_undead_d, serial_undead_f
D:4:      nicolae_cairo_tiling_very_big, layout_cave_pools, dk_noncrumbling_3
D:5:      layout_basic, minmay_temple_entry_hall
D:6:      layout_layer_cave, fedhas_altar_fruit_tree
D:7:      layout_cave_pools, mainiacjoe_overflow_alcove_4,
          ebering_ghost_reflecting_pool
D:8:      layout_rooms, dpeg_oklobed_lair, enter_bailey_3
Temple:   eino_temple_rhombus
Bailey:   bailey_axe_of_yendor_kennysheep, bailey

Skill      XL: |  1  2  3  4  5  6  7  8  9 10 |
---------------+-------------------------------+-----
Fighting       | 3 4 |  4.6
Dodging        | 3 4 5 6 |  6.0
Staves         | 3 4 5 7 9 10 | 10.0
Spellcasting   | 1 2 3 4 5 |  5.3
Long Blades    | |  1.0
Throwing       | |  1.0
Evocations     | |  1.0

Action                   |  1- 3 |  4- 6 |  7- 9 | 10-12 || total
-------------------------+-------+-------+-------+-------++-------
Melee: Quarterstaff      |    66 |   189 |   384 |     8 ||   647
Throw: Boomerang         |       |     4 |       |       ||     4
       Dart              |       |       |     1 |       ||     1
 Cast: Pain              |       |       |     1 |    86 ||    87
       Confusing Touch   |       |       |     5 |     1 ||     6
       Wereblood         |       |       |       |     1 ||     1
Evoke: Wand              |       |       |       |     4 ||     4
  Use: Scroll            |       |     1 |    13 |     1 ||    15
 Stab: Sleeping          |     2 |     2 |       |       ||     4
Armor: Robe              |    14 |    23 |       |       ||    37
       Leather armour    |       |     8 |    55 |       ||    63
Dodge: Dodged            |    37 |   121 |   376 |    12 ||   546

Table legend: (Time is in decaauts)
 A = Elapsed time spent in this place.
 B = Non-inter-level travel time spent in this place.
 C = Inter-level travel time spent in this place.
 D = Time resting spent in this place.
 E = Time spent auto-exploring this place.
 F = Levels seen in this place.
 G = Mean time per level.
                   A        B        C        D        E       F      G
               +--------+--------+--------+--------+--------+-----+--------+
         Total |  12988 |  12684 |    304 |   3211 |   6695 |  10 | 1298.8 |
       Dungeon |  10836 |  10541 |    295 |   2080 |   6149 |   8 | 1354.5 |
        Temple |    193 |    184 |      9 |      0 |    157 |   1 |  193.0 |
        Bailey |   1958 |   1958 |      0 |   1131 |    389 |   1 | 1958.0 |
               +--------+--------+--------+--------+--------+-----+--------+

Top non-repeatable levels by time:
     D:6: 2652 daAuts
  Bailey: 1958 daAuts
     D:3: 1910 daAuts
     D:5: 1805 daAuts
     D:2: 1498 daAuts
     D:4: 1232 daAuts
     D:7: 906 daAuts
     D:1: 805 daAuts
  Temple: 193 daAuts
     D:8: 25 daAuts
